 Dungeon Crawl Stone Soup version 0.26.1-11-gd32895ea62 (webtiles) character file.

Game seed: 8465367826387762027

93857 Sopht the Fencer (level 16, -11/159 HPs)
             Began as a Tengu Berserker on July 17, 2021.
             Was a High Priest of Trog.
             Killed by divine providence
             ... invoked by an orc high priest
              (14 damage)
             ... on level 2 of the Orcish Mines on July 18, 2021.
             The game lasted 03:31:08 (25438 turns).

Sopht the Fencer (Tengu Berserker)                 Turns: 25438, Time: 03:31:09

Health: -11/159    AC: 32    Str: 34    XL:     16   Next: 9%
Magic:  17/17      EV:  2    Int:  9    God:    Trog [*****.]
Gold:   1500       SH:  0    Dex: 13    Spells: 15/15 levels left

rFire    . . .     SeeInvis .   y - +3 scimitar (flame)
rCold    . . .     Faith    .   (no shield)
rNeg     + + +     Spirit   .   (armour currently unavailable)
rPois    +         Reflect  .   (helmet currently unavailable)
rElec    .         Harm     .   (cloak currently unavailable)
rCorr    .         Rampage  .   (gloves currently unavailable)
Will     +++..     NoTele   +   (boots unavailable)
Stlth    ++++......             E - amulet "Yneluiq" {Regen+ Str+4 Stlth+}
HPRegen  1.76/turn              B - +4 ring of protection
MPRegen  0.15/turn              V - +6 ring of strength

@: tree-form, berserk cooldown, regenerating, slowed, very slow
A: able to fly
a: Renounce Religion, Berserk, Trog's Hand, Brothers in Arms


You were on level 2 of the Orcish Mines.
You worshipped Trog.
Trog was extremely pleased with you.
You were a tree.
You visited 5 branches of the dungeon, and saw 23 of its levels.
You also visited: Ossuary.

You collected 1773 gold pieces.
You spent 273 gold pieces at shops.

Inventory:

Hand Weapons
 m - the +9 dire flail of the Valley {spect, Will++}
   (You took it off an ogre on level 4 of the Dungeon)

   It retains the spirit of the tree from which it was made.
   In the hands of one skilled in evocations this spirit is drawn out to fight
   along side the wielder.
   It affects your willpower, your defense against some magical effects.
 p - a +6 great mace
 y - a +3 scimitar of flaming (weapon)
 N - a +5 scimitar
 T - a +1 antimagic triple sword
Missiles
 e - 7 javelins
 h - 71 poisoned darts
 w - 21 boomerangs
 P - 8 boomerangs of dispersal
 Z - 7 silver javelins
Armour
 i - a +3 plate armour
 q - a +2 cloak (melded)
 t - a +2 leather armour of poison resistance
 x - a +3 scale mail
 K - the +15 Maxwell's patent armour (melded) {-Cast -Tele rElec Will+ rCorr}
   (You found it on level 10 of the Dungeon)

   It insulates you from electricity.
   It affects your willpower, your defense against some magical effects.
   It prevents spellcasting.
   It prevents most forms of teleportation.
   It provides partial protection from all sources of acid and corrosion.
 L - a +0 kite shield
 O - a +0 tower shield
 R - a +1 hat (melded)
 Y - a +0 pair of gloves (melded)
Jewellery
 k - the ring "Cigax" {rF+ rC+}
   (You found it on level 8 of the Dungeon)

   [ring of protection from fire]

   It protects you from fire.
   It protects you from cold.
 n - an uncursed ring of positive energy {unknown}
 B - a +4 ring of protection (left branch)
 C - a cursed ring of attention {unknown}
 E - the amulet "Yneluiq" (around neck) {Regen+ Str+4 Stlth+}
   (You acquired it on level 12 of the Dungeon)

   [amulet of regeneration]

   It affects your strength (+4).
   It increases your rate of regeneration.
   It makes you more stealthy.
 Q - an uncursed amulet of the acrobat
 U - an uncursed ring of willpower {unknown}
 V - a +6 ring of strength (right branch)
Wands
 v - a wand of paralysis (4) (quivered)
 I - a wand of polymorph (6)
 J - a wand of flame (6)
 M - a wand of digging (12)
 S - a wand of acid (18)
Scrolls
 a - a scroll of fog {unknown}
 f - 8 scrolls of remove curse
 j - 9 scrolls of teleportation
 l - 7 scrolls of fear
 o - 5 scrolls of blinking
 s - 4 scrolls of amnesia
 u - 4 scrolls of immolation
 z - a scroll of random uselessness {unknown}
 A - 2 scrolls of identify
 D - a scroll of vulnerability {unknown}
 F - 4 scrolls of magic mapping
Potions
 b - 2 potions of mutation
 c - 3 potions of brilliance
 d - a potion of magic
 g - 6 potions of attraction
 r - a potion of invisibility
 G - a potion of lignification
 H - 3 potions of curing
Miscellaneous
 W - a box of beasts
 X - a phantom mirror (inert)


   Skills:
 + Level 14.0 Fighting
 + Level 16.7 Long Blades
 + Level 10.0 Maces & Flails
 + Level 4.4 Throwing
 + Level 13.8 Armour
 + Level 7.9 Dodging
 + Level 5.2 Stealth
 + Level 4.9 Evocations


You had 15 spell levels left.
You didn't know any spells.
Your spell library was empty.

Dungeon Overview and Level Annotations

Branches:
Dungeon (12/15)            Temple (0/1) D:5            Lair (6/6) D:11
  Swamp (2/4) Lair:2       Spider (0/4) Lair:2        Slime (1/5) Lair:6
    Orc (2/2) D:12            Elf (0/3) Orc:2       Ossuary (visited)

Altars:
Dithmenos
Elyvilon
Gozag
Kikubaaqudgha
Makhleb
Nemelex Xobeh
Okawaru
Ru
Sif Muna
Trog
Uskayaw
Vehumet
Wu Jian

Shops:
D:8 !   Orc:2 **

Annotations:
Lair:2 exclusion: oklob plant


Innate Abilities, Weirdness & Mutations

((You have a beak for a mouth.))
((You have claws for feet.))
You can fly continuously.


Message History

You turn into a tree.
Your +2 cloak melds into your body.
Your +1 hat melds into your body.
Your +0 pair of gloves melds into your body.
The +15 Maxwell's patent armour {-Cast -Tele rElec Will+ rCorr} melds into your body.
Your roots penetrate the ground.
The orc priest no longer looks unusually strong.
The red devil hits you but does no damage.
The orc knight hits you with a +0 bardiche!!
* * * LOW HITPOINT WARNING * * *
The orc high priest prays to Beogh.
The orc sorcerer gestures wildly while chanting.
You closely miss the orc knight.
The orc knight is severely wounded.
The orc high priest no longer looks unusually strong.
The orc knight hits you with a +0 bardiche!!
* * * LOW HITPOINT WARNING * * *
The orc sorcerer hits you but does no damage.
The orc high priest calls down the wrath of Beogh upon you.
Beogh smites you!
You die...

######
##.....).†.....#.
####.##.##
#....)##)..#...#
##.#......#
##....###).###....
#...#.#...#
#....###[.## #...
...###....####.####..##
#..
....#......###.###))##
##
...###.....##.###).##
...###....##.###))##
....##....#.###o♣##
#..........###4o###...
.#..))....###4o6ooo6o#
.....[...###.34o#o..##
...)....###...#..o.##
....#..###∩.#.....##
......###.....#..##
.......###∩.#.....
........###...#....


You could see an orc knight (strong), an orc high priest, a gelid demonspawn
(icemail), an orange demon (summoned), a smoke demon (summoned), a chaos spawn
(summoned), an orc sorcerer, a red devil and an orc priest (strong).

Vanquished Creatures
  An orc warlord (Orc:1)
  5 dire elephants (Lair:6)
  2 entropy weavers (Lair:5)
  2 eleionomae
  Fannar (D:12)
  6 hydras
  Harold (Lair:2)
  A ghost crab (Swamp:2)
  Erica (D:12)
  3 alligators
  A queen ant (Lair:5)
  An anaconda (Lair:6)
  5 death yaks
  Urug (Orc:2)
  An orc high priest (Orc:2)
  A sun demon (Orc:2)
  An unseen horror (D:10)
  2 spriggan druids
  5 goliath frogs (Swamp:1)
  2 swamp dragons
  2 bog bodies (Swamp:1)
  5 orc knights
  Pikel (D:6)
  3 ugly things
  4 orc sorcerers
  2 deep elf magi
  25 elephants
  A rust devil (Orc:2)
  2 black mambas
  Maggie (D:7)
  A centaur skeleton (D:12)
  9 cane toads
  A gargoyle (D:10)
  Psyche (D:8)
  An orange demon (Orc:2)
  A rime drake (Lair:5)
  14 komodo dragons
  The ghost of Hypnoxylon the Ruffian, an amateur TrWr of Gozag (D:4)
  3 trolls
  A bloated husk (Swamp:2)
  A polar bear (Lair:4)
  3 tyrant leeches (Swamp:1)
  A hornet (D:10)
  27 blink frogs
  9 dream sheep
  Sigmund (D:6)
  A tarantella (Lair:2)
  12 wyverns
  4 spriggans
  A wraith (Ossuary)
  A vampire (D:9)
  62 yaks
  2 vampire mosquitoes (Swamp:2)
  4 basilisks
  4 wargs
  8 swamp worms
  9 soldier ants
  18 water moccasins
  Duvessa (D:5)
  An ice beast (D:6)
  6 sky beasts
  3 black bears
  An eye of draining (D:10)
  36 orc warriors
  3 phantoms
  5 necrophages
  15 ogres
  5 centaurs
  20 wolves
  The ghost of ubername the Caller, an amateur BaSu (D:3)
  A lemure (D:6)
  16 bullfrogs
  2 earth elementals (Swamp:2)
  A wyvern skeleton (D:9)
  8 scorpions
  Dowan (D:5)
  15 killer bees
  4 wights (D:11)
  8 howler monkeys
  3 electric eels (D:8)
  6 jellies
  2 bullfrog zombies
  2 bullfrog skeletons
  25 orc priests
  A gnoll shaman (D:12)
  4 hounds
  12 orc wizards
  8 iguanas
  23 worker ants
  A hound skeleton (D:11)
  A mummy (Ossuary)
  14 adders
  4 gnolls
  A river rat (D:3)
  A shadow imp (D:5)
  4 white imps
  3 ufetubi
  An adder skeleton (D:8)
  An adder zombie (D:7)
  3 worms
  2 dart slugs (D:1)
  6 leopard geckos
  70 orcs
  2 ball pythons
  2 giant cockroaches
  11 goblins
  9 hobgoblins
  7 jackals
  3 quokkas
  11 bats
  3 frilled lizards
  5 gnoll skeletons (Ossuary)
  A jackal zombie (D:3)
  7 kobolds
  5 kobold skeletons (Ossuary)
  A leopard gecko skeleton (D:4)
  15 orc skeletons (Ossuary)
  A quokka skeleton (D:9)
  3 rats (D:1)
727 creatures vanquished.

Vanquished Creatures (collateral kills)
  Rupert (Orc:2)
  A hydra (Swamp:1)
  An ogre (Orc:2)
3 creatures vanquished.

Vanquished Creatures (others)
  3 bloated husks (Swamp:2)
  A hornet (Swamp:2)
  A dream sheep (Lair:6)
  An electric eel (D:8)
  18 fungi
  85 plants
109 creatures vanquished.

Grand Total: 839 creatures vanquished

Notes
Turn   | Place    | Note
-------+----------+-------------------------------------------
     0 | D:1      | Sopht the Tengu Berserker began the quest for the Orb.
     0 | D:1      | Reached XP level 1. HP: 14/14 MP: 2/2
   318 | D:1      | Reached XP level 2. HP: 19/19 MP: 3/3
   836 | D:1      | Reached XP level 3. HP: 22/23 MP: 4/4
  1203 | D:2      | Reached ** piety under Trog
  1352 | D:2      | Reached skill level 4 in Long Blades
  1647 | D:2      | Reached XP level 4. HP: 22/29 MP: 5/5
  1649 | D:2      | Found a bloodstained altar of Trog.
  2228 | D:3      | Found a runed translucent door.
  2230 | D:3      | Noticed a bullfrog
  2231 | D:3      | Noticed ubername's ghost (amateur BaSu)
  2250 | D:3      | Found a runed translucent door.
  2282 | D:3      | Killed a bullfrog
  2283 | D:3      | Gained mutation: You can fly continuously. [Tengu growth]
  2283 | D:3      | Reached XP level 5. HP: 33/33 MP: 6/6
  2286 | D:3      | Reached skill level 5 in Long Blades
  2286 | D:3      | Reached skill level 1 in Stealth
  2299 | D:3      | Killed ubername's ghost
  2300 | D:3      | Reached XP level 6. HP: 25/38 MP: 7/7
  3303 | D:4      | Reached skill level 6 in Long Blades
  3330 | D:4      | Noticed a phantom
  3373 | D:4      | Killed a phantom
  3374 | D:4      | Reached XP level 7. HP: 32/43 MP: 8/8
  3712 | D:4      | Found a transporter.
  3714 | D:4      | Found a transporter.
  3714 | D:4      | Noticed Hypnoxylon's ghost (amateur TrWr)
  3715 | D:4      | Identified the +9 dire flail of the Valley {spect, Will++}
  3715 | D:4      | Identified the +9 dire flail of the Valley {spect, Will++}
  3917 | D:5      | Entered Level 5 of the Dungeon
  4035 | D:5      | Noticed Dowan
  4036 | D:5      | Noticed Duvessa
  4042 | D:5      | Killed Dowan
  4049 | D:5      | Killed Duvessa
  4362 | D:5      | Found a burning altar of Makhleb.
  4410 | D:5      | Reached skill level 7 in Long Blades
  4410 | D:5      | Reached XP level 8. HP: 32/48 MP: 9/9
  4439 | D:5      | Found an iron altar of Okawaru.
  4578 | D:5      | Found a staircase to the Ecumenical Temple.
  4607 | D:5      | Reached *** piety under Trog
  4766 | D:5      | Found a white marble altar of Elyvilon.
  4933 | D:5      | Found a hide-covered altar of Uskayaw.
  5097 | D:6      | Reached skill level 5 in Fighting
  5099 | D:6      | Reached skill level 1 in Throwing
  5147 | D:6      | Noticed a wyvern
  5154 | D:6      | Killed a wyvern
  5155 | D:6      | Reached skill level 5 in Armour
  5155 | D:6      | Reached skill level 5 in Dodging
  5259 | D:6      | Reached skill level 8 in Long Blades
  5427 | D:6      | Noticed Pikel
  5442 | D:6      | Killed Pikel
  5443 | D:6      | Reached XP level 9. HP: 55/55 MP: 10/10
  5457 | D:6      | Found a sacrificial altar of Ru.
  5463 | D:6      | Noticed Sigmund
  5475 | D:6      | Killed Sigmund
  5511 | D:6      | Found an ornate altar of the Wu Jian Council.
  5743 | D:6      | Reached skill level 9 in Long Blades
  5803 | D:6      | Found a radiant altar of Vehumet.
  5804 | D:6      | Found a shimmering blue altar of Sif Muna.
  5804 | D:6      | Found a sparkling altar of Nemelex Xobeh.
  5823 | D:6      | Found a shadowy altar of Dithmenos.
  6217 | D:4      | Reached skill level 1 in Maces & Flails
  6221 | D:4      | Killed Hypnoxylon's ghost
  6578 | D:7      | Found an ancient bone altar of Kikubaaqudgha.
  6986 | D:7      | Noticed Maggie
  7015 | D:7      | Killed Maggie
  7016 | D:7      | Reached skill level 1 in Evocations
  7016 | D:7      | Reached XP level 10. HP: 55/61 MP: 11/11
  7646 | D:8      | HP: 3/61 [something (6)]
  7758 | D:8      | Got a translucent bronze ring
  7766 | D:8      | Found a sand-covered staircase.
  7772 | Ossuary  | Entered an ossuary
  7774 | Ossuary  | Identified the ring "Cigax" {rF+ rC+} (You found it on
                  | level 8 of the Dungeon)
  8071 | D:8      | Reached skill level 5 in Maces & Flails
  8074 | D:8      | Found Zitufil's Distillery.
  8087 | D:8      | Bought a potion of curing for 39 gold pieces
  8087 | D:8      | Bought a potion of heal wounds for 65 gold pieces
  8087 | D:8      | Bought 2 potions of heal wounds for 130 gold pieces
  8087 | D:8      | Bought a potion of curing for 39 gold pieces
  8104 | D:8      | Found an opulent altar of Gozag.
  8145 | D:8      | Noticed Psyche
  8153 | D:8      | Killed Psyche
  9678 | D:9      | Reached XP level 11. HP: 68/68 MP: 12/12
 10578 | D:10     | Entered Level 10 of the Dungeon
 10626 | D:10     | Reached **** piety under Trog
 10866 | D:10     | Noticed a deep elf mage
 10912 | D:10     | Found the +15 Maxwell's patent armour {-Cast -Tele rElec
                  | Will+ rCorr}
 10943 | D:10     | Killed a deep elf mage
 11274 | D:10     | Killed an unseen horror
 11391 | D:10     | Noticed a seven-headed hydra
 11400 | D:10     | Killed a seven-headed hydra
 12120 | D:11     | Noticed a purple ugly thing
 12131 | D:11     | Killed a purple ugly thing
 12132 | D:11     | Reached skill level 10 in Maces & Flails
 12351 | D:11     | Reached skill level 10 in Long Blades
 12490 | D:11     | Reached XP level 12. HP: 55/75 MP: 13/13
 12646 | D:11     | Reached ***** piety under Trog
 12771 | D:11     | Found a staircase to the Lair.
 13362 | Lair:1   | Entered Level 1 of the Lair of Beasts
 13368 | Lair:1   | Noticed a seven-headed hydra
 13370 | Lair:1   | Reached skill level 11 in Long Blades
 13429 | Lair:1   | Killed a four-headed hydra
 13773 | Lair:1   | Reached skill level 12 in Long Blades
 14932 | Lair:2   | Found a staircase to the Swamp.
 15290 | Lair:2   | Noticed a six-headed hydra
 15298 | Lair:2   | Killed a three-headed hydra
 15305 | Lair:2   | Reached skill level 10 in Armour
 15391 | Lair:2   | Found a hole to the Spider Nest.
 15526 | Lair:2   | Noticed Harold
 15541 | Lair:2   | Killed Harold
 16044 | Swamp:1  | Entered Level 1 of the Swamp
 16113 | Lair:3   | Reached XP level 13. HP: 76/80 MP: 14/14
 16556 | Lair:3   | Reached skill level 13 in Long Blades
 16911 | Lair:3   | Identified Sif Muna's Catalogue of Nocuous Flight
 17443 | Lair:4   | Reached skill level 10 in Fighting
 17488 | Lair:4   | Received a gift from Trog
 17858 | Lair:4   | Reached skill level 14 in Long Blades
 18515 | Lair:5   | Reached XP level 14. HP: 88/88 MP: 15/15
 18755 | Lair:5   | Reached skill level 5 in Stealth
 19360 | Lair:5   | Noticed an entropy weaver
 19360 | Lair:5   | Noticed an entropy weaver
 19371 | Lair:5   | Killed an entropy weaver
 19383 | Lair:5   | Killed an entropy weaver
 19384 | Lair:5   | Reached skill level 15 in Long Blades
 19636 | Lair:6   | Entered Level 6 of the Lair of Beasts
 19797 | Lair:6   | Found a staircase to the Slime Pits.
 19952 | Lair:6   | Received a gift from Trog
 20099 | Lair:6   | Found a gate leading to a gauntlet.
 20746 | Lair:6   | Noticed a dire elephant
 20746 | Lair:6   | Noticed a dire elephant
 20762 | Lair:6   | Killed a dire elephant
 20765 | Lair:6   | Killed a dire elephant
 20766 | Lair:6   | Reached XP level 15. HP: 97/97 MP: 16/16
 21077 | Swamp:1  | Reached skill level 16 in Long Blades
 23027 | Slime:1  | Entered Level 1 of the Pits of Slime
 23027 | Slime:1  | Noticed an azure jelly
 23400 | D:12     | Received a gift from Trog
 23484 | D:12     | Identified a scroll of acquirement
 23484 | D:12     | Acquired the amulet "Yneluiq" {Regen+ Str+4 Stlth+}
 23538 | D:12     | Found a staircase to the Orcish Mines.
 23932 | Orc:1    | Entered Level 1 of the Orcish Mines
 23970 | Orc:1    | Noticed Fannar
 23971 | Orc:1    | Noticed Erica
 23996 | D:12     | Killed Fannar
 23998 | D:12     | Killed Erica
 24140 | Orc:1    | Noticed an orc warlord
 24166 | Orc:1    | Killed an orc warlord
 24490 | Orc:2    | Entered Level 2 of the Orcish Mines
 24490 | Orc:2    | Noticed Rupert
 24503 | Orc:2    | Killed Rupert
 24791 | Orc:2    | Noticed Urug
 24809 | Orc:2    | Killed Urug
 24914 | Orc:2    | Found a staircase to the Elven Halls.
 25262 | Orc:2    | Reached XP level 16. HP: 72/105 MP: 17/17
 25275 | Orc:2    | Found Comuhol's General Store.
 25279 | Orc:2    | Found Mack's General Store.
 25438 | Orc:2    | HP: 3/159 [orc knight/+0 bardiche (18)]
 25438 | Orc:2    | Killed from afar by an orc high priest

Illustrated notes

Levels and vault maps discovered:
D:1:      saegor_arrival_simple_a, layout_basic
D:2:      layout_basic, lemuel_crystal_altar
D:3:      layout_loops_cross, portal_sewer_entry_d, ebering_ghost_sewer_f
D:4:      layout_rooms, gammafunk_ghost_smash
D:5:      layout_loops_ring, nicolae_overflow_crystal_walls,
          lemuel_crystal_altar, nicolae_overflow_hidden_temple,
          minmay_temple_entry_grid, elyvilon_altar_1, uniq_duvessa
D:6:      layout_loops_ring, old_standard_altar,
          nicolae_ru_sacrificial_ziggurat, grunt_temple_overflow_open,
          basic_altar, uniq_pikel, uniq_sigmund
D:7:      layout_basic, kennysheep_little_box, minmay_misc_feat_enclosed,
          uniq_maggie
D:8:      layout_rooms, grunt_gozag_breadcrumbs, serial_shops,
          nicolae_shop_crystal, enter_ossuary_2, serial_bayou,
          serial_bayou_pond_a, serial_bayou_shore_b, serial_bayou_pond_b,
          serial_bayou_lagoon_a, uniq_psyche
D:9:      layout_stronghold
D:10:     layout_roguey, serial_corexii_hall, corexii_hall_statues_s,
          chequers_hall_statues_y, chequers_hall_statues_wall_a,
          chequers_hall_statues_corner_a, minmay_mirror_moons_of_madness
D:11:     layout_irregular_city, lair_entry_dummy
D:12:     layout_rooms, erik_orc_4
Lair:1:   layout_concentric_octagons, serial_bayou_shore_b
Lair:2:   layout_gridlike, minmay_swamp_entry_reptiles,
          spider_nest_entry_rubble, nicolae_lair_grove_arrangements,
          infiniplex_staircase_pool_2, minmay_lair_oklob_chamber, uniq_harold
Lair:3:   layout_small_grid, chequers_serial_rivers_micro_b, minivault_24,
          grunt_megastairs_3
Lair:4:   layout_big_grid, beast_lair_carwin_1, lemuel_fruit_tree,
          grunt_megastairs_5, infiniplex_staircase_pool
Lair:5:   layout_regular_city, minmay_another_anthill, lemuel_fruit_fields,
          grunt_megastairs_2, lemuel_fruit_fields, serial_bayou_shore_a
Lair:6:   due_jungle_book, layout_big_grid, slime_dummy, gauntlet_entry_generic,
          st_stairs_11, chequers_serial_rivers_room_a
Swamp:1:  layout_falls_marsh, hangedman_swamp_ruin_wall
Swamp:2:  layout_basic_swamp, evilmike_swamp_ruin_rubble_2,
          nzn_swamp_blast_mining
Slime:1:  layout_caves
Orc:1:    layout_caves, uniq_erica, uniq_fannar
Orc:2:    pf_orc_diabolical, layout_caves, uniq_urug, uniq_rupert

Skill      XL: |  1  2  3  4  5  6  7  8  9 10 11 12 13 14 15 16 |
---------------+-------------------------------------------------+-----
Long Blades    | 4 5 6 7 8 9 10 12 14 15 16 | 16.7
Dodging        | 3 4 5 6 7 |  7.9
Stealth        | 1 2 3 4 5 |  5.2
Fighting       | 4 5 6 7 8 9 10 12 13 14 | 14.0
Armour         | 3 4 5 7 8 10 11 12 13 | 13.8
Throwing       | 2 3 4 |  4.4
Maces & Flails | 3 7 10 | 10.0
Evocations     | 1 2 3 4 |  4.9

Action                   |  1- 3 |  4- 6 |  7- 9 | 10-12 | 13-15 | 16-18 || total
-------------------------+-------+-------+-------+-------+-------+-------++-------
Melee: Falchion          |    82 |   108 |   113 |       |       |       ||   303
       Kick              |    28 |    35 |    61 |   160 |   508 |    27 ||   819
       Peck              |    15 |    19 |    31 |    86 |   317 |    17 ||   485
       Whip              |       |       |    35 |       |       |       ||    35
       Dire flail        |       |       |    28 |   224 |       |       ||   252
       Scimitar          |       |       |       |   263 |  1060 |    58 ||  1381
Throw: Dart              |       |     1 |    24 |       |     3 |       ||    28
       Boomerang         |       |       |       |     2 |       |       ||     2
       Javelin           |       |       |       |       |    20 |       ||    20
Invok: Berserk           |     1 |     2 |     7 |    10 |    16 |     2 ||    38
       Trog's Hand       |       |     3 |     7 |    20 |    23 |     2 ||    55
       Brothers in Arms  |       |       |       |       |     1 |       ||     1
 Abil: Fly               |       |       |     1 |       |       |       ||     1
Evoke: Wand              |       |       |     2 |    33 |    15 |       ||    50
       Phantom mirror    |       |       |       |       |     2 |       ||     2
       Box of beasts     |       |       |       |       |     1 |       ||     1
  Use: Potion            |       |     9 |     3 |    10 |     6 |     1 ||    29
       Scroll            |       |     4 |     8 |     6 |    23 |       ||    41
 Stab: Sleeping          |     1 |       |       |       |       |       ||     1
       Distracted        |       |       |       |     1 |     1 |       ||     2
       Paralysed         |       |       |       |    10 |     3 |       ||    13
Armor: Animal skin       |     9 |       |       |       |       |       ||     9
       Ring mail         |     5 |    48 |    22 |       |       |       ||    75
       Scale mail        |       |       |       |    52 |       |       ||    52
       Plate armour      |       |       |       |   221 |   585 |    26 ||   832
       Skin              |       |       |       |       |       |     2 ||     2
Dodge: Dodged            |    75 |    84 |   120 |   290 |   734 |    25 ||  1328
       Rpst.: Falchion   |    22 |    36 |    13 |       |       |       ||    71
       Scimitar          |       |       |       |    39 |   183 |     5 ||   227
